Map: Inside and Out

Players

Serral - Winner!

  • Race: Zerg Zerg
  • Spawn Location: 1:00

Bunny

  • Race: Terran Terran
  • Spawn Location: 7:00

Event: DreamHack SC2 Masters 2022 Atlanta (Offline)

VOD

Have the link to the VOD?

Description

Time

  • Played on: Nov. 18, 2022, 6:56 p.m.
  • Length: 22:20

All games in this series

Show
View Real Time Build Order
Export as new Build Order

Serral Zerg - Winner!

Build Orders: Hatch First 

Get SALT Encoding   

  12  0:00  Drone  
  13  0:12  Overlord  
  13  0:16  Drone  
  14  0:31  Drone x2  
  16  0:47  Hatchery  
  15  0:50  Drone  
  15  0:54  Drone  
  17  0:57  Drone  
  18  1:08  Extractor  
  17  1:12  Spawning Pool  
  17  1:15  Drone  
  17  1:18  Drone  
  18  1:28  Drone  
  19  1:38  Drone  
  20  1:49  Drone  
  21  1:59  Queen x2  
  21  2:00  Zergling x4  
  27  2:10  Overlord  
  27  2:11  Metabolic Boost, Drone  
  27  2:31  Drone, Hatchery  
  27  2:32  Drone  
  27  2:35  Drone  
  29  2:39  Drone  
  30  2:45  Queen  
  30  2:49  Overlord  
  32  2:54  Drone  
  32  2:56  Drone  
  32  2:57  Drone  
  35  3:09  Drone, Overlord  
  35  3:10  Drone  
  35  3:11  Drone x2  
  39  3:17  Spore Crawler, Drone  
  39  3:20  Drone  
  39  3:21  Spore Crawler  
  41  3:28  Queen x2  
  41  3:32  Drone x2  
  47  3:42  Overlord  
  47  3:43  Drone x4  
  50  3:51  Zergling x4  
  50  3:54  Queen  
  53  3:58  Overlord  
  53  3:59  Zergling x4  
  53  4:00  Drone  
  56  4:04  Zergling x2  
  56  4:08  Queen  
  59  4:11  Overlord  
  59  4:14  Overlord  
  59  4:17  Drone  
  59  4:18  Drone x2  
  59  4:21  Drone x3  
  65  4:25  Overlord  
  65  4:28  Drone  
  65  4:30  Lair  
  66  4:36  Spore Crawler  
  66  4:37  Spore Crawler x2  
  66  4:38  Drone  
  64  4:40  Drone  
  64  4:44  Zergling x6  
  68  4:48  Drone x3  
  68  4:52  Drone x2  
  72  4:58  Queen  
  75  5:00  Drone x2  
  75  5:02  Drone  
  75  5:04  Drone x2  
  79  5:08  Drone  
  79  5:09  Drone  
  79  5:10  Drone  
  81  5:15  Zergling x2  
  81  5:17  Drone x3  
  81  5:20  Extractor  
  84  5:22  Baneling Nest, Extractor  
  84  5:25  Drone  
  83  5:29  Spore Crawler, Queen  
  83  5:32  Drone x2  
  83  5:34  Drone  
  83  5:35  Drone x4  
  89  5:40  Overlord x2  
  90  5:49  Overseer, Extractor  
  88  5:50  Evolution Chamber x2  
  88  5:52  Drone x3  
  89  5:59  Drone  
  89  6:00  Drone x6, Hatchery  
  89  6:03  Zergling x4  
  97  6:04  Extractor  
  97  6:06  Zergling x6  
  97  6:09  Centrifugal Hooks  
  97  6:10  Overlord  
  99  6:17  Zerg Ground Armor Level 1, Zerg Melee Weapons Level 1  
  99  6:24  Zergling x4, Hatchery  
  100  6:29  Zergling x10  
  105  6:37  Zergling x8  
  105  6:38  Zergling x2  
  105  6:39  Burrow  
  110  6:43  Drone, Overlord  
  111  6:50  Zergling x4  
  111  6:52  Overlord  
  113  6:54  Overlord  
  113  7:02  Zergling x2, Baneling x11  
  113  7:03  Zergling x6  
  113  7:06  Baneling x9  
  113  7:07  Zergling x2  
  118  7:11  Zergling x12  
  118  7:13  Queen  
  126  7:16  Zergling x12  
  132  7:28  Zergling x8  
  136  7:31  Zergling x2  
  136  7:36  Zergling x6  
  137  7:39  Zergling x6  
  137  7:42  Zergling x2  
  138  7:46  Zergling x14  
  132  7:52  Zergling x4  
  116  7:58  Zergling x2  
  116  7:59  Zergling x6  
  113  8:06  Drone  
  113  8:08  Drone x4  
  113  8:09  Infestation Pit  
  113  8:12  Drone x2  
  119  8:14  Baneling x13  
  119  8:16  Drone x3  
  119  8:18  Zerg Melee Weapons Level 2, Zerg Ground Armor Level 2  
  119  8:19  Hatchery  
  121  8:23  Zergling x16  
  129  8:30  Zergling x6  
  132  8:35  Drone x2  
  132  8:41  Zergling x10  
  139  8:47  Hive  
  136  8:48  Zergling x14  
  136  8:52  Zergling x2  
  136  8:54  Overlord x5  
  144  8:59  Drone x4, Pneumatized Carapace  
  144  9:00  Drone x5  
  144  9:05  Zergling x6  
  140  9:10  Drone  
  140  9:11  Drone x4  
  140  9:12  Drone  
  140  9:13  Drone x2  
  140  9:14  Drone  
  140  9:16  Drone x2  
  149  9:17  Drone  
  149  9:20  Overseer  
  150  9:24  Baneling x3  
  150  9:25  Zergling x14  
  150  9:31  Baneling x2, Drone  
  155  9:32  Zergling x8  
  155  9:35  Zergling x2  
  155  9:36  Zergling x2  
  161  9:52  Zergling x24  
  166  10:00  Drone x6  
  166  10:01  Adrenal Glands  
  166  10:02  Viper x2  
  166  10:03  Ultralisk Cavern  
  166  10:06  Spore Crawler, Drone x4  
  180  10:07  Drone x3  
  180  10:09  Baneling x13  
  180  10:13  Spore Crawler, Drone  
  183  10:21  Zergling x20  
  177  10:29  Hydralisk Den  
  177  10:30  Zergling x14  
  177  10:32  Zergling x2  
  177  10:36  Zerg Melee Weapons Level 3  
  177  10:40  Extractor  
  177  10:42  Drone  
  177  10:44  Zerg Ground Armor Level 3  
  177  10:46  Hatchery  
  177  10:47  Zergling x6  
  177  10:55  Zergling x20  
  187  10:59  Overlord x2  
  187  11:01  Drone x3  
  187  11:03  Chitinous Plating, Overlord  
  190  11:09  Muscular Augments  
  190  11:11  Extractor  
  189  11:13  Drone  
  189  11:14  Baneling x4  
  189  11:18  Drone x3  
  193  11:19  Drone  
  193  11:22  Drone x2  
  196  11:28  Baneling x2  
  196  11:29  Zergling x2, Baneling  
  196  11:30  Zergling x6  
  196  11:43  Drone x7  
  195  11:57  Zergling x8  
  195  12:00  Baneling x4  
  179  12:10  Zergling x30  
  190  12:18  Zergling x2, Overseer  
  190  12:19  Zergling x18  
  190  12:22  Anabolic Synthesis  
  200  12:28  Zergling x16  
  200  12:29  Zergling x8  
  176  12:41  Zergling x26, Ultralisk x2  
  198  12:49  Hatchery  
  195  12:51  Zergling x8  
  195  12:53  Grooved Spines  
  197  13:02  Zergling x8  
  197  13:04  Baneling x8, Overseer  
  195  13:08  Baneling x2  
  195  13:09  Baneling x3  
  191  13:13  Zerg Missile Weapons Level 1  
  191  13:17  Zergling x20, Hatchery  
  191  13:18  Zergling x4  
  185  13:35  Zergling x34  
  193  13:43  Zergling x2, Hydralisk  
  193  13:44  Zergling x8  
  192  13:52  Zergling x8  
  180  13:59  Hydralisk x2  
  180  14:00  Zergling x6  
  187  14:04  Overseer  
  187  14:07  Zergling x14  
  184  14:13  Zergling x2  
  184  14:14  Zergling x4  
  184  14:17  Zergling x4  
  188  14:20  Zergling x6  
  188  14:22  Baneling x16  
  182  14:24  Zergling x8  
  182  14:30  Hatchery  
  181  14:36  Zergling x2  
  181  14:37  Zergling x20  
  181  14:41  Hydralisk x2  
  181  14:42  Zergling x2  
  181  14:46  Baneling x2, Hatchery  
  181  14:47  Baneling x5  
  181  14:52  Zergling x14  
  184  14:53  Lurker Den  
  184  14:56  Baneling  
  184  14:57  Zergling x10  
  188  15:02  Hydralisk  
  188  15:03  Zergling x6  
  193  15:08  Baneling x8  
  193  15:12  Zergling x10  
  196  15:28  Overlord  
  196  15:29  Overlord  
  196  15:30  Zerg Missile Weapons Level 2  
  196  15:31  Zergling x2, Baneling x6  
  136  15:43  Zergling x4  
  136  15:44  Zergling x26  
  136  15:48  Zergling x14  
  132  15:51  Zergling x2  
  132  15:52  Zergling x6  
  132  15:55  Seismic Spines  
  132  15:56  Zergling x4  
  129  15:58  Baneling x2, Hydralisk x6  
  141  16:07  Baneling x12  
  141  16:08  Zergling x6  
  141  16:10  Overseer  
  144  16:16  Infestor  
  144  16:17  Zergling x2  
  144  16:18  Zergling x18  
  156  16:20  Baneling x2  
  156  16:21  Baneling x4  
  156  16:22  Hatchery  
  156  16:23  Zergling x10  
  156  16:24  Overseer  
  160  16:27  Zergling x2  
  160  16:28  Zergling x6  
  163  16:35  Hydralisk x4  
  163  16:38  Extractor  
  165  16:43  Hydralisk x3, Extractor  
  165  16:46  Extractor  
  169  16:47  Drone  
  169  16:48  Drone x2  
  169  16:52  Hydralisk x3, Adaptive Talons  
  178  17:01  Hydralisk  
  178  17:02  Hydralisk, Baneling x2  
  181  17:08  Baneling  
  181  17:09  Hydralisk x2  
  181  17:14  Drone x3  
  179  17:15  Overseer  
  177  17:25  Lurker x9  
  177  17:27  Hydralisk x3  
  177  17:28  Zergling x4  
  191  17:39  Zergling x12  
  191  17:40  Zergling x4  
  199  17:56  Zerg Missile Weapons Level 3  
  199  17:57  Zergling x6  
  197  18:07  Zergling x6  
  184  18:21  Zergling x26  
  184  18:22  Zergling x10  
  184  18:26  Zergling x20  
  199  18:28  Overseer  
  199  18:30  Baneling x17  
  199  18:34  Zergling x20  
  194  18:41  Zergling x14  
  200  18:55  Zergling x2  
  185  19:03  Zergling x28  
  185  19:06  Drone  
  200  19:16  Zergling x22  
  200  19:22  Zergling x10, Hydralisk x2  
  196  19:28  Baneling x10  
  196  19:29  Baneling x9  
  196  19:30  Viper  
  188  19:32  Zergling x6  
  188  19:38  Baneling x4  
  188  19:39  Zergling x10  
  188  19:40  Zergling x2  
  194  19:51  Zergling x12  
  197  20:01  Zergling x4, Baneling x8  
  192  20:20  Zergling x2  
  192  20:21  Zergling x26  
  178  20:33  Zergling x18  
  178  20:34  Zergling x14  
  178  20:41  Hydralisk  
  178  20:42  Zergling x10  
  172  20:45  Drone  
  172  20:49  Baneling x3  
  171  20:50  Baneling x2, Hydralisk  
  171  20:51  Zergling x10  
  171  20:55  Baneling x4  
  171  20:56  Baneling x2  
  171  20:57  Zergling x10  
  171  21:06  Zergling x16  
  160  21:15  Hydralisk x5  
  168  21:20  Zergling x4  
  168  21:24  Spore Crawler  
  168  21:28  Zergling x12  
  168  21:31  Zergling x2  
  151  21:34  Zergling x8  
  148  21:40  Zergling x12  
  148  21:41  Zergling x8  
  153  21:55  Zergling x8, Hydralisk  
  153  21:56  Zergling x2  
  157  22:01  Zergling x10  
Show
View Real Time Build Order
Export as new Build Order

Bunny Terran 

Build Orders: Reaper Expand, Hellion Banshee 

Get SALT Encoding   

  12  0:00  SCV  
  13  0:12  SCV  
  14  0:17  Supply Depot  
  14  0:24  SCV  
  15  0:39  SCV  
  15  0:40  Barracks  
  15  0:42  Refinery  
  16  0:51  SCV  
  17  1:03  SCV  
  18  1:15  SCV  
  19  1:27  Reaper, Orbital Command  
  20  1:38  Command Center  
  20  1:51  Supply Depot  
  20  1:52  SCV  
  21  1:59  Marine  
  22  2:05  SCV  
  22  2:08  Factory  
  23  2:14  Refinery  
  23  2:17  SCV  
  23  2:19  Barracks Reactor  
  24  2:29  SCV  
  25  2:41  SCV  
  26  2:50  Orbital Command  
  26  2:52  Starport  
  26  2:53  SCV  
  27  3:00  Hellion x2  
  27  3:05  SCV  
  32  3:08  Barracks Tech Lab  
  32  3:09  Supply Depot  
  32  3:17  SCV  
  32  3:19  SCV  
  34  3:21  Hellion x2  
  37  3:30  SCV  
  37  3:31  SCV  
  39  3:35  Barracks Tech Lab, Banshee, Cloaking Field  
  42  3:42  SCV  
  42  3:43  Hellion  
  42  3:45  Hellion  
  47  3:51  Supply Depot  
  47  3:54  Stimpack, Marine  
  48  3:56  SCV  
  48  3:57  SCV  
  50  4:08  SCV  
  50  4:09  SCV  
  52  4:18  Command Center  
  52  4:19  Banshee  
  55  4:29  SCV x2  
  57  4:31  Supply Depot  
  57  4:32  Marine  
  58  4:45  SCV x2  
  60  4:50  Barracks, Factory Reactor  
  60  4:52  Barracks  
  60  4:57  SCV x2  
  62  5:03  Marine  
  62  5:05  Engineering Bay x2  
  62  5:07  Refinery x2  
  63  5:08  Starport Reactor  
  63  5:09  SCV x2  
  65  5:21  Marine  
  64  5:22  SCV x2  
  64  5:26  Barracks  
  64  5:27  Barracks  
  66  5:37  SCV x2  
  66  5:38  Marine x2  
  66  5:40  Combat Shield, Marine  
  71  5:43  Terran Infantry Armor Level 1, Terran Infantry Weapons Level 1  
  71  5:47  Siege Tank  
  71  5:48  Marine x2  
  71  5:49  SCV x2  
  78  5:50  Medivac  
  78  5:52  Supply Depot  
  78  5:54  Orbital Command  
  78  5:56  Supply Depot  
  80  6:00  Medivac  
  80  6:01  SCV x2, Marine  
  85  6:13  Marine x3  
  85  6:14  Supply Depot  
  85  6:15  Barracks Reactor  
  85  6:16  Barracks Reactor  
  88  6:23  Siege Tank  
  91  6:27  SCV x2  
  91  6:29  SCV  
  91  6:31  Marine x5  
  91  6:32  Medivac  
  101  6:44  Medivac  
  101  6:45  SCV x2  
  105  6:48  Marine  
  105  6:49  Marine x2  
  105  6:51  Armory  
  109  6:56  Supply Depot  
  109  6:58  Supply Depot, SCV  
  109  7:02  Supply Depot  
  109  7:03  Supply Depot  
  109  7:10  Command Center  
  109  7:18  SCV x3  
  109  7:22  Medivac  
  114  7:29  Factory  
  114  7:31  Marine x8  
  114  7:35  Marine  
  113  7:41  SCV x3  
  113  7:42  Widow Mine  
  115  7:48  Marine  
  115  7:49  Marine x5  
  119  7:53  Marine  
  119  7:57  SCV x2  
  119  7:58  SCV  
  105  8:01  Terran Infantry Weapons Level 2  
  105  8:09  SCV  
  105  8:10  SCV x2  
  105  8:11  Concussive Shells, Marine  
  109  8:15  Widow Mine  
  109  8:16  Drilling Claws  
  111  8:22  SCV x3  
  114  8:30  Barracks Reactor  
  114  8:35  Terran Infantry Armor Level 2  
  114  8:36  SCV x3  
  117  8:41  Barracks  
  117  8:42  Barracks, Widow Mine  
  117  8:43  Barracks  
  119  8:52  Marine x7  
  119  8:55  Widow Mine  
  127  8:57  SCV x3  
  127  8:59  Supply Depot  
  127  9:01  Supply Depot  
  127  9:02  Refinery  
  130  9:06  Marine x2  
  130  9:09  Marine  
  132  9:10  Marauder, Marine  
  132  9:14  Factory Reactor  
  132  9:16  Medivac x2  
  134  9:18  SCV x2  
  134  9:19  SCV  
  134  9:23  Refinery  
  137  9:24  Supply Depot  
  137  9:30  Marine  
  137  9:31  Marine x7  
  142  9:32  Marauder  
  142  9:34  Widow Mine  
  145  9:46  SCV x3  
  145  9:48  Marine  
  145  9:49  Barracks Tech Lab, Marine x4  
  145  9:50  Barracks Tech Lab  
  145  9:51  Barracks Tech Lab  
  153  9:53  Supply Depot, Medivac x2, Marauder  
  153  9:54  Supply Depot  
  153  9:55  Widow Mine  
  153  9:58  Widow Mine x2  
  160  10:00  Marine  
  160  10:01  Planetary Fortress  
  162  10:07  SCV x3  
  164  10:15  Marauder x4  
  164  10:17  Widow Mine  
  164  10:19  Widow Mine  
  172  10:27  Widow Mine  
  168  10:35  Marine x8  
  168  10:37  Marauder x4  
  168  10:38  Widow Mine  
  168  10:40  Sensor Tower  
  168  10:41  Widow Mine  
  187  10:46  Supply Depot  
  187  10:49  Medivac  
  187  10:53  Marine  
  187  10:55  Marine  
  188  10:57  Terran Infantry Weapons Level 3  
  188  11:08  Widow Mine x2, Marauder x2  
  196  11:11  Refinery x2  
  196  11:21  Command Center  
  196  11:40  Marine  
  196  11:45  Marine x2  
  196  11:46  Medivac  
  196  11:47  Marauder  
  196  11:48  Terran Infantry Armor Level 3, Medivac, Marine  
  196  11:49  Widow Mine, Marauder  
  196  12:02  Marine  
  196  12:03  Marine  
  196  12:04  Marine x3  
  196  12:06  Widow Mine, Marine x2  
  196  12:07  Marine  
  196  12:08  Widow Mine, Marauder x2  
  196  12:24  Marine x2  
  196  12:25  Command Center x2  
  196  12:26  Marine x2  
  196  12:32  Widow Mine, Marauder  
  196  12:33  Marine  
  196  12:34  Marauder  
  196  12:35  Marine x2  
  196  12:36  Medivac, Widow Mine, Marauder, Marine  
  196  12:37  Medivac, Marauder, Widow Mine  
  173  12:47  Marine  
  173  12:48  Marine x3  
  173  12:50  Marine  
  173  12:52  Marine x2  
  173  12:53  Marine  
  173  12:54  Widow Mine, Marauder  
  173  12:55  Marauder  
  173  12:57  Widow Mine, Marauder  
  190  12:58  Widow Mine, Marauder  
  190  13:05  Marine x2  
  189  13:06  Medivac x2  
  189  13:07  Marine  
  192  13:15  Widow Mine, Marauder  
  192  13:17  Marauder  
  192  13:19  Widow Mine, Marauder x2  
  199  13:20  Widow Mine  
  190  13:36  Medivac x2  
  190  13:37  Widow Mine, Marauder  
  190  13:40  Widow Mine  
  187  13:44  Marauder, Marine  
  187  13:45  Marauder x2, Marine x5  
  196  13:51  Marine x2  
  196  13:55  Widow Mine  
  163  13:58  Widow Mine, Marauder  
  163  14:01  Ghost Academy, Widow Mine  
  163  14:02  Marine x2  
  169  14:03  Marine x4  
  169  14:05  Marine x2  
  169  14:06  Medivac x2, Marauder  
  169  14:09  Marine  
  182  14:17  Hellion, Marine  
  184  14:19  Widow Mine, Marine  
  184  14:20  Marine x2  
  184  14:22  Marine x4  
  184  14:23  Widow Mine, Marine x2  
  188  14:30  Marine x2  
  190  14:36  Liberator x2  
  190  14:38  Widow Mine  
  189  14:41  Widow Mine  
  189  14:44  Widow Mine  
  173  14:47  Ghost x3  
  173  14:48  Marine x3  
  173  14:52  Marine x3  
  182  14:54  Marine  
  182  14:55  Marine  
  182  14:59  Widow Mine  
  186  15:01  Orbital Command  
  186  15:02  Widow Mine  
  186  15:06  Widow Mine  
  190  15:19  Ghost x3  
  190  15:21  Widow Mine  
  194  15:23  Widow Mine  
  194  15:26  Planetary Fortress  
  194  15:27  Widow Mine  
  193  15:42  Widow Mine  
  149  15:45  Widow Mine, Marauder  
  149  15:47  Marine  
  149  15:48  Widow Mine, Marauder x2  
  149  15:49  Marine x3  
  138  15:52  Marine x3  
  135  16:00  Marine  
  135  16:01  Marine  
  135  16:03  Widow Mine  
  139  16:05  Marine  
  139  16:06  Widow Mine, Marine  
  139  16:07  Marine  
  139  16:10  Widow Mine, Marauder  
  148  16:12  Marine x4  
  148  16:13  Marine  
  148  16:16  SCV  
  148  16:17  SCV x3  
  148  16:18  Marine  
  157  16:22  Marine x2  
  157  16:25  Widow Mine  
  162  16:28  Widow Mine  
  162  16:29  SCV  
  162  16:31  Marauder  
  169  16:34  Missile Turret, Marine  
  169  16:36  Marauder  
  164  16:42  Sensor Tower  
  164  16:43  Marine x4  
  164  16:44  Marine x3  
  164  16:46  Widow Mine, Marine  
  174  16:49  Marauder, Siege Tank  
  174  16:51  Liberator  
  174  16:52  Marine  
  174  16:53  Liberator  
  184  16:59  Marine x2  
  184  17:01  Marine x2  
  186  17:04  Refinery x2  
  190  17:12  Marine x4  
  190  17:13  Marine  
  195  17:16  Marine x2  
  195  17:18  Marine  
  195  17:19  Marine x2  
  198  17:24  Siege Tank  
  197  17:34  Liberator  
  198  17:46  Command Center  
  196  17:52  Missile Turret  
  196  17:53  Sensor Tower  
  192  18:08  Command Center, Siege Tank  
  150  18:27  Marauder, Marine x7  
  150  18:28  Marauder x3, Marine  
  151  18:40  Siege Tank  
  147  18:45  Marine x8  
  155  18:48  Marine x2  
  155  18:51  Personal Cloaking  
  148  19:04  Liberator x2  
  148  19:08  Marauder x3, Marine  
  148  19:09  Marine x2  
  163  19:12  Siege Tank  
  162  19:22  Marine  
  162  19:23  Marine  
  135  19:25  Marine  
  128  19:44  Widow Mine x2, Siege Tank  
  135  19:46  Orbital Command  
  132  20:01  Missile Turret  
  132  20:06  Liberator  
  133  20:12  Liberator  
  133  20:32  Siege Tank  
  133  20:35  Widow Mine x2  
  122  20:41  Marauder x2  
  122  20:42  Marauder  
  124  20:44  Marine  
  122  20:53  Marine  
  122  20:56  Widow Mine  
  123  21:10  Siege Tank  
  107  21:14  Orbital Command  
  107  21:15  Widow Mine  
  107  21:17  Widow Mine  
  111  21:20  Marauder  
  111  21:23  Marine  
  98  21:33  Marine x3  
  98  21:36  Marine  
  91  21:47  Widow Mine x3  
Tags
 
Add a new tag
Caveats
  • Supply blocks, unpowered buildings, or Contaminate may cause inaccurate times.
  • Supply counts are checked every 10 seconds.